 Dungeon Crawl Stone Soup version 0.31.0-32-g396128a36d (webtiles) character file.

Game seed: 14445495534584033918

731 Peloso the Slasher (level 7, -14/61 HPs)
             Began as a Minotaur Fighter on Mar 29, 2024.
             Demolished by an ogre
             ... wielding a +0 giant spiked club
              (24 damage)
             ... on level 5 of the Dungeon.
             The game lasted 00:05:22 (3832 turns).

Peloso the Slasher (Minotaur Fighter)               Turns: 3832, Time: 00:05:23

Health: -14/61     AC: 12    Str: 21    XL:     7   Next: 45%
Magic:  6/6        EV:  9    Int:  5    God:
Gold:   157        SH:  6    Dex: 17    Spells: 6/6 levels left

rFire   . . .        a - +0 long sword
rCold   . . .        d - +0 buckler
rNeg    . . .        c - +0 chain mail
rPois   .            (helmet restricted)
rElec   .            u - +1 cloak
rCorr   .            (no gloves)
SInv    .            (no boots)
Will    .....        (no amulet) Stlth
                     f - +6 ring of dexterity
HPRegen 0.30/turn    n - ring of flight
MPRegen 0.10/turn

%: no passive effects
@: flying
A: horns 2, retaliatory headbutt
a: no special abilities


You were on level 5 of the Dungeon.
You visited 1 branch of the dungeon, and saw 5 of its levels.

You collected 157 gold pieces.

Inventory:

Hand Weapons
 a - a +0 long sword (weapon)
Armour
 b - a +0 scale mail
 c - a +0 chain mail (worn)
 d - a +0 buckler (worn)
 u - a +1 cloak (worn)
Jewellery
 f - a +6 ring of dexterity (left hand)
 g - a ring of positive energy
 j - a +6 ring of intelligence
 l - a +5 ring of evasion
 m - a ring of fire
 n - a ring of flight (right hand)
Wands
 x - a wand of mindburst (13)
Scrolls
 e - 2 scrolls of teleportation
 h - 2 scrolls of poison
 q - a scroll of fog {unknown}
 s - a scroll of blinking {unknown}
 w - a scroll of immolation {unknown}
 y - a scroll of butterflies {unknown}
 A - a scroll of silence {unknown}
 C - a scroll of identify
Potions
 i - 3 potions of curing
 k - a potion of magic
 o - 2 potions of might
 p - a potion of heal wounds
 r - a potion of mutation
 t - a potion of brilliance {unknown}
 v - a potion of attraction {unknown}
 z - 2 potions of enlightenment {unknown}
 B - a potion of berserk rage {unknown}


   Skills:
 + Level 5.1 Fighting
 + Level 6.6 Long Blades
 + Level 6.1 Armour
 + Level 2.0 Dodging
 + Level 0.1 Stealth
 + Level 5.1 Shields


You had 6 spell levels left.
You didn't know any spells.
Your spell library contained the following spells:

 Spells                   Type           Power      Damage    Failure   Level
 Kiss of Death            Conj/Necr      0%         2d5       99%         1
 Ensorcelled Hibernation  Hex/Ice        0%         N/A       99%         2
 Call Canine Familiar     Summ           0%         N/A       100%        3
 Confusing Touch          Hex            0%         N/A       100%        3
 Dazzling Flash           Conj/Hex       0%         N/A       100%        3
 Passwall                 Erth           0%         N/A       100%        3
 Sigil of Binding         Hex            0%         N/A       100%        3
 Swiftness                Air            0%         N/A       100%        3
 Volatile Blastmotes      Fire/Tloc      0%         2d10      100%        3
 Dimensional Bullseye     Hex/Tloc       0%         N/A       100%        4
 Dispel Undead            Necr           0%         3d6       100%        4
 Starburst                Conj/Fire      0%         6d3       100%        6
 Maxwell's Capacitive Co  Air            0%         ∞         100%        8


Dungeon Overview and Level Annotations

Branches:
Dungeon (5/15)
 Temple: D:4-7

Altars:
Qazlal

Annotations:
D:4 3 runed translucent doors, Amzuk's ghost, amateur MiFi; ripuliukko's ghost, amateur GrEE


Innate Abilities, Weirdness & Mutations

You have a pair of horns on your head.
You reflexively headbutt those who attack you in melee.


Message History

The centaur is severely wounded.
The ufetubus hits you but does no damage.
The ufetubus closely misses you. The centaur barely misses you.
The centaur kicks you but does no damage.
The ufetubus barely misses you. You furiously retaliate!
You headbutt the ufetubus!
You kill the ufetubus!
The centaur hits you but does no damage.
The centaur barely misses you.
You barely miss the centaur. You headbutt the centaur!
You kill the centaur!
The iguana bites you.
Your Armour skill increases to level 6!
Unknown command.
You hit the iguana but do no damage. You headbutt the iguana!
The iguana is severely wounded.
The iguana bites you.
Unknown command.
You hit the iguana.
You headbutt the iguana, but do no damage.
The iguana is almost dead.
You block the iguana's attack.
Unknown command.
You hit the iguana.
You kill the iguana!
Your Dodging skill increases to level 2!
Unknown command.
You hit the ogre. You headbutt the ogre.
The ogre is lightly wounded.
You block the ogre's attack.
You completely miss the ogre. You headbutt the ogre!
The ogre is moderately wounded.
The ogre hits you with a +0 giant spiked club!!
* * * LOW HITPOINT WARNING * * *
You hit the ogre. You headbutt the ogre!
The ogre is severely wounded.
You barely miss the ogre. You headbutt the ogre!
The ogre is almost dead.
The ogre hits you with a +0 giant spiked club!!
You die...

.......###..............
....................>...
........................
......#.................
#.###...................
..# #.#...#...##........
.## #.....#### #oo......
.# ###...# #O##..... .#
#...######@# ####. .#
###....)...###### ##
###...........#
#########.#.........#
#...<.##..#.........#
#........###........# #
#.....#.<.......<...#
###.......####........#
..#.....### #........#


You could see an ogre, an orc wizard and an orc.

Vanquished Creatures
  Sigmund (D:4)
  2 centaurs (D:5)
  A howler monkey (D:4)
  2 bombardier beetles (D:5)
  A hound (D:4)
  A sleepcap (D:3)
  4 iguanas
  5 adders
  2 ufetubi (D:5)
  A dart slug (D:1)
  A ribbon worm (D:2)
  2 orcs
  5 ball pythons
  5 bats
  8 endoplasms
  5 giant cockroaches
  9 goblins
  12 hobgoblins
  3 jackals (D:1)
  3 quokkas
  3 frilled lizards
  7 kobolds
  9 rats
92 creatures vanquished.

Notes
Turn   | Place    | Note
-------+----------+-------------------------------------------
     0 | D:1      | Peloso the Minotaur Fighter began the quest for the Orb.
     0 | D:1      | Reached XP level 1. HP: 19/19 MP: 0/0
   165 | D:1      | Reached XP level 2. HP: 27/27 MP: 1/1
   449 | D:1      | Reached XP level 3. HP: 33/33 MP: 2/2
  1108 | D:2      | Found a faded altar of an unknown god.
  1499 | D:2      | Reached XP level 4. HP: 29/40 MP: 3/3
  2694 | D:3      | Reached skill level 1 in Dodging
  2697 | D:3      | Reached XP level 5. HP: 13/46 MP: 4/4
  3001 | D:4      | Reached skill level 5 in Long Blades
  3048 | D:4      | Noticed Sigmund
  3132 | D:4      | Killed Sigmund
  3133 | D:4      | Reached skill level 5 in Armour
  3133 | D:4      | Reached XP level 6. HP: 15/53 MP: 5/5
  3435 | D:4      | Found a runed translucent gate.
  3435 | D:4      | Found a runed translucent gate.
  3436 | D:4      | Found a runed translucent gate.
  3436 | D:4      | Noticed Amzuk's ghost (amateur MiFi)
  3437 | D:4      | Noticed ripuliukko's ghost (amateur GrEE)
  3547 | D:5      | Entered Level 5 of the Dungeon
  3589 | D:5      | Found a stormy altar of Qazlal.
  3718 | D:5      | Reached skill level 5 in Shields
  3718 | D:5      | Reached XP level 7. HP: 34/60 MP: 6/6
  3719 | D:5      | Reached skill level 5 in Fighting
  3832 | D:5      | Demolished by an ogre

Illustrated notes

Levels and vault maps discovered:
D:1:      lightli_arrival_lavapool, layout_basic
D:2:      layout_basic, ebering_ecumenical_altar_box
D:3:      layout_basic, nicolae_overflow_hidden_temple, minmay_misc_feat_cross
D:4:      layout_cave_pools, gammafunk_ghost_cemetery, hangedman_decor_push,
          st_stairs_5, minmay_box_of_dots, uniq_sigmund
D:5:      layout_rooms, nicolae_ru_great_annihilating_truth,
          nicolae_qazlal_general_emergency

Skill      XL: |  1  2  3  4  5  6  7 |
---------------+----------------------+-----
Shields        | 4 5 |  5.1
Armour         | 4 5 6 |  6.1
Long Blades    | 3 4 5 6 |  6.6
Fighting       | 4 5 |  5.1
Dodging        | 1 2 |  2.0
Stealth        | |  0.1

Action                     |  1- 3 |  4- 6 |  7- 9 || total
---------------------------+-------+-------+-------++-------
  Melee: Long sword        |    79 |   109 |    16 ||   204
         Headbutt          |    10 |    24 |     9 ||    43
    Use: Scroll            |     5 |     3 |       ||     8
         Potion            |     1 |       |       ||     1
 Armour: Scale mail        |    71 |     3 |       ||    74
         Chain mail        |       |   101 |    37 ||   138
  Dodge: Dodged            |    48 |    59 |    24 ||   131
  Block: Buckler           |    19 |    41 |     9 ||    69
